 Dungeon Crawl Stone Soup version 0.26-a0-215-g1b87330c0f (webtiles) character file.

Game seed: 815377666387513268

58 MrRokkomies the Chiller (level 4, 22/33 HPs)
             Began as a Barachi Ice Elementalist on July 6, 2020.
             Starved to death
             ... on level 2 of the Dungeon.
             The game lasted 00:06:41 (2713 turns).

MrRokkomies the Chiller (Barachi Ice Elementalist)  Turns: 2713, Time: 00:06:42

Health: 22/33      AC:  4    Str: 10    XL:     4   Next: 2%
Magic:  7/7        EV: 13    Int: 16    God:
Gold:   46         SH:  0    Dex: 15    Spells: 6/7 levels left

rFire    . . .     SeeInvis +   b - +0 dagger
rCold    . . .     Faith    .   (no shield)
rNeg     . . .     Spirit   .   a - +0 robe
rPois    .         Reflect  .   (no helmet)
rElec    .         Harm     .   (no cloak)
rCorr    .                      e - +1 pair of gloves {Dex+3}
MR       .....                  (no boots)
Stlth    ++........             (no amulet)
HPRegen  0.11/turn              f - ring of see invisible
MPRegen  0.10/turn              (no ring)

@: fainting, slow
A: +LOS, swims, slowness 1, strong legs 1
a: Hop


You were on level 2 of the Dungeon.
You were fainting.

You visited 1 branch of the dungeon, and saw 2 of its levels.

You collected 46 gold pieces.

Inventory:

Hand Weapons
 b - a +0 dagger (weapon)
Armour
 a - a +0 robe (worn)
 e - a +1 pair of gloves of dexterity (worn)
Jewellery
 f - a ring of see invisible (left hand)
Potions
 c - a potion of haste {unknown}
 d - a potion of flight {unknown}


   Skills:
 * Level 2.3 Fighting
 + Level 2.8 Dodging
 - Level 1.7 Stealth
 - Level 2.1 Spellcasting
 * Level 5.7 Ice Magic


You had 6 spell levels left.
You knew the following spells:

 Your Spells              Type           Power        Failure   Level
a - Freeze                Ice            ###.         1%          1

Your spell library contained the following spells:

 Spells                   Type           Power        Failure   Level
 Frozen Ramparts          Ice            ###...       6%          3
 Ozocubu's Armour         Chrm/Ice       ##......     19%         3
 Hailstorm                Conj/Ice       ##......     54%         4
 Summon Ice Beast         Ice/Summ       ##......     54%         4


Dungeon Overview and Level Annotations

Branches:
Dungeon (2/15)

Altars:


Innate Abilities, Weirdness & Mutations

You can be seen from farther away. (+LOS)
You can swim through water.
You cover ground slowly.
You can hop short distances.


Message History

The frilled lizard is heavily wounded.
The hobgoblin hits you. The frilled lizard barely misses you.
You hit the frilled lizard.
You kill the frilled lizard!
The hobgoblin hits you.
Found a scale mail.
You don't have the energy to cast any spells.
The hobgoblin blocks your attack. The hobgoblin hits you.
The hobgoblin blocks your attack. The hobgoblin barely misses you.
You hit the hobgoblin but do no damage. The hobgoblin closely misses you.
You hit the hobgoblin but do no damage. The hobgoblin misses you.
The hobgoblin blocks your attack.
The hobgoblin hits you but does no damage.
You barely miss the hobgoblin.
The hobgoblin hits you but does no damage.
You hit the hobgoblin but do no damage. The hobgoblin hits you.
You hit the hobgoblin but do no damage. The hobgoblin misses you.
You barely miss the hobgoblin.
You have starved to death.
You die...

.. # '##'####### .#
.......... ..#
.......... ..#
.......... ...
.........##'#
...........#
####..#.....#
#.......@..[#
########g####.#
..............#
###......######
#......#
####......############
#......†..(..........#
###........#########.#
#........# #.#


You could see a hobgoblin.

Vanquished Creatures
  2 dart slugs (D:1)
  2 leopard geckos (D:1)
  3 ball pythons (D:1)
  4 bats
  A giant cockroach (D:1)
  5 goblins (D:1)
  3 hobgoblins (D:1)
  14 jackals
  5 frilled lizards
  2 kobolds
  6 rats (D:1)
47 creatures vanquished.

Notes
Turn   | Place    | Note
-------+----------+-------------------------------------------
     0 | D:1      | MrRokkomies the Barachi Ice Elementalist began the quest
                  | for the Orb.
     0 | D:1      | Reached XP level 1. HP: 13/13 MP: 3/3
   395 | D:1      | Reached skill level 5 in Ice Magic
   401 | D:1      | Reached skill level 1 in Fighting
   401 | D:1      | Reached XP level 2. HP: 12/21 MP: 3/5
  1076 | D:1      | Reached XP level 3. HP: 14/27 MP: 2/6
  2566 | D:2      | Reached XP level 4. HP: 28/33 MP: 7/7
  2658 | D:2      | Paralysed by fainting for 8 turns
  2713 | D:2      | Starved to death

Illustrated notes

Levels and vault maps discovered:
D:1:      matt_arrival_grand_opening, layout_loops_corners,
          minmay_misc_feat_square
D:2:      layout_basic, amethyst_overflow_temple_binary,
          chequers_temple_overflow_statue_of_worship

Skill      XL: |  1  2  3 |
---------------+----------+-----
Ice Magic      | 5 |  5.7
Fighting       | 1 2 |  2.3
Dodging        | |  2.8
Stealth        | |  1.7
Spellcasting   | |  2.1

Action                   |  1- 3 |  4- 6 || total
-------------------------+-------+-------++-------
Melee: Unarmed           |    46 |       ||    46
       Dagger            |   132 |    32 ||   164
 Cast: Freeze            |    31 |       ||    31
 Abil: Hop               |     1 |       ||     1
  Use: Scroll            |     1 |       ||     1
 Stab: Sleeping          |     2 |       ||     2
  Eat: Ration            |     1 |       ||     1
Armor: Robe              |    38 |     7 ||    45
Dodge: Dodged            |   124 |    22 ||   146

Table legend:
 A = Non-vault XP
 B = Vault XP
 C = Vault XP percentage of total XP
 D = Non-vault monster count
 E = Vault monster count
 F = Vault count percentage of total count
                 A         B        C        D         E       F
            +---------+---------+-------+---------+---------+-------
      Total |      84 |       0 |   0.0 |      47 |       0 |   0.0
            +---------+---------+-------+---------+---------+-------
        D:1 |      74 |       0 |   0.0 |      40 |       0 |   0.0
        D:2 |      10 |       0 |   0.0 |       7 |       0 |   0.0
            +---------+---------+-------+---------+---------+-------
